 Dungeon Crawl Stone Soup version 0.29.1-2-gbd0b4ee654 (webtiles) character file.

Game seed: 13674421536986892547

33 GorkyZ the Trooper (level 3, -2/29 HPs)
             Began as a Demonspawn Fighter on Nov 19, 2022.
             Slain by Terence
             ... wielding a +0 mace
              (6 damage)
             ... on level 2 of the Dungeon.
             The game lasted 00:04:19 (1718 turns).

GorkyZ the Trooper (Demonspawn Fighter)             Turns: 1718, Time: 00:04:19

Health: -2/29      AC: 13    Str: 16    XL:     3   Next: 12%
Magic:  3/3        EV:  4    Int:  9    God:
Gold:   92         SH:  5    Dex: 14    Spells: 2/2 levels left

rFire   . . .      SeeInvis .   a - +0 long sword
rCold   . . .      Faith    .   c - +0 buckler
rNeg    . . .      Spirit   .   j - +0 plate armour
rPois   .          Reflect  .   (no helmet)
rElec   .          Harm     .   (no cloak)
rCorr   .          Rampage  .   f - +0 pair of gloves
Will    .....                   (no boots)
Stlth   ..........              (no amulet)
HPRegen 0.09/turn               (no ring)
MPRegen 0.08/turn               (no ring)

@: no status effects
A: rugged brown scales 1, demonic touch 1
a: no special abilities


You were on level 2 of the Dungeon.
You visited 1 branch of the dungeon, and saw 2 of its levels.

You collected 92 gold pieces.

Inventory:

Hand Weapons
 a - a +0 long sword (weapon)
Missiles
 i - 5 atropa-tipped darts (quivered)
Armour
 b - a +0 scale mail
 c - a +0 buckler (worn)
 f - a +0 pair of gloves (worn)
 h - an orb of guile
 j - a +0 plate armour (worn)
Scrolls
 g - a scroll of blinking {unknown}
 k - a scroll of amnesia {unknown}
 n - a scroll of magic mapping {unknown}
Potions
 d - a potion of might
 e - 2 potions of haste {unknown}
 l - 2 potions of curing {unknown}
 m - a potion of attraction {unknown}


   Skills:
 + Level 3.2 Fighting
 + Level 2.1 Long Blades
 + Level 0.5 Throwing
 + Level 3.0 Armour
 + Level 0.7 Dodging
 + Level 2.9 Shields


You had 2 spell levels left.
You didn't know any spells.
Your spell library was empty.

Dungeon Overview and Level Annotations

Branches:
Dungeon (2/15)

Altars:

Annotations:
D:2 Terence


Innate Abilities, Weirdness & Mutations

You are partially covered in rugged brown scales. (AC +1, +3% HP)
Your touch may inflict minor irresistible damage on your foes.


Message History

You are too injured to fight recklessly!
You are too injured to fight recklessly!
You are too injured to fight recklessly!
You are too injured to fight recklessly!
You are too injured to fight recklessly!
You are too injured to fight recklessly!
You are too injured to fight recklessly!
You are too injured to fight recklessly!
You are too injured to fight recklessly!
You closely miss the rat. Terence closely misses you.
The rat bites you but does no damage.
You hit the rat.
You kill the rat!
You block Terence's attack.
You hit Terence but do no damage.
Terence is moderately wounded.
You block Terence's attack. Terence hits you with a +0 mace.
* * * LOW HITPOINT WARNING * * *
You closely miss Terence.
Terence is moderately wounded.
Terence hits you but does no damage.
You hit Terence but do no damage.
Terence is moderately wounded.
Terence hits you but does no damage.
You hit Terence.
Terence is moderately wounded.
Terence hits you with a +0 mace.
* * * LOW HITPOINT WARNING * * *
You block Terence's attack.
You closely miss Terence.
Terence is moderately wounded.
Terence hits you with a +0 mace.
* * * LOW HITPOINT WARNING * * *
You hit Terence.
Terence is heavily wounded.
Terence barely misses you.
You hit Terence.
Terence is severely wounded.
Terence hits you with a +0 mace.
You die...

#.....####...##.....#.
####.###.# #...##.#.≈...
.........####...##.#.....
####.......##.........#.#
#########.##............
.......<..##..........§.
.........###)...........
.........# #...........#
.......@.# #............
.......@†# #............
.........# .........#
.........# .........#
.........# ..........


You could see Terence.

Vanquished Creatures
  An adder (D:2)
  A ball python (D:1)
  2 endoplasms (D:1)
  A giant cockroach (D:1)
  2 goblins (D:1)
  2 hobgoblins (D:1)
  3 jackals (D:1)
  A kobold (D:1)
  2 quokkas (D:2)
  2 bats
  2 frilled lizards (D:1)
  3 rats
22 creatures vanquished.

Vanquished Creatures (others)
  6 fungi (D:1)
  6 plants (D:1)
12 creatures vanquished.

Grand Total: 34 creatures vanquished

Notes
Turn   | Place    | Note
-------+----------+-------------------------------------------
     0 | D:1      | GorkyZ the Demonspawn Fighter began the quest for the Orb.
     0 | D:1      | Reached XP level 1. HP: 18/18 MP: 1/1
   564 | D:1      | Gained mutation: You are partially covered in rugged brown
                  | scales. (AC +1, +3% HP) [demonic ancestry]
   564 | D:1      | Reached XP level 2. HP: 14/24 MP: 2/2
  1418 | D:1      | Found a faded altar of an unknown god.
  1514 | D:2      | Gained mutation: Your touch may inflict minor irresistible
                  | damage on your foes. [demonic ancestry]
  1514 | D:2      | Reached XP level 3. HP: 27/29 MP: 3/3
  1699 | D:2      | Noticed Terence
  1718 | D:2      | Slain by Terence

Illustrated notes

Levels and vault maps discovered:
D:1:      mrwooster_arrival_arrow, layout_loops_ring,
          shapermc_ecumenical_altar_mp_urbaneastern
D:2:      layout_basic, serial_shops, nicolae_lakefront_shop,
          nicolae_kite_square_tiling_tiny, uniq_natasha, uniq_sigmund,
          uniq_terence

Skill      XL: |  1  2  3 |
---------------+----------+-----
Long Blades    | 2 |  2.1
Armour         | 3 |  3.0
Fighting       | |  3.2
Throwing       | |  0.5
Dodging        | |  0.7
Shields        | |  2.9

Action                   || total
-------------------------++-------
Melee: Long sword        ||   140
Armor: Plate armour      ||    61
       Scale mail        ||     7
Dodge: Dodged            ||    25
Block: Buckler           ||    18
